 Dungeon Crawl Stone Soup version 0.19-a0-1210-g5c1aa26 (webtiles) character file.

35 jacquesderrida the Skirmisher (level 3, 20/20 HPs)
             Began as a Vine Stalker Wanderer on Aug 22, 2016.
             Quit the game on level 1 of the Dungeon.
             The game lasted 00:01:54 (454 turns).

jacquesderrida the Skirmisher (VSWn)                 Turns: 454, Time: 00:01:55

Health: 20/20      AC:  6    Str: 16    XL:     3   Next: 35%
Magic:  4/4        EV: 10    Int:  9    God:
Gold:   25         SH:  0    Dex: 13    Spells: 0 memorised, 2 levels left

rFire  . . .     SeeInvis .     a - +2 dagger
rCold  . . .     Gourm    .     d - +0 ring mail
rNeg   . . .     Faith    .     (no shield)
rPois  .         Spirit   +     (no helmet)
rElec  .         Dismiss  .     (no cloak)
rCorr  .         Reflect  .     e - +0 pair of gloves
MR     .....     Harm     .     (no boots)
Stlth  +.........               (no amulet)
                                (no ring)
                                j - -2 ring of intelligence (curse)

@: no status effects
A: fangs 2, magic shield, antimagic bite, no device heal 3, rot immunity
a: no special abilities


You were on level 1 of the Dungeon.
You were not hungry.

You visited 1 branch of the dungeon, and saw 1 of its levels.

You collected 25 gold pieces.

Inventory:

Hand Weapons
 a - a +2 dagger (weapon)
Armour
 d - a +0 ring mail (worn)
 e - a +0 pair of gloves (worn)
Jewellery
 j - a cursed -2 ring of intelligence (left hand)
Scrolls
 b - a scroll of fear
 h - a scroll of enchant armour {unknown}
 k - a scroll of blinking {unknown}
Potions
 c - a potion of curing
 i - a potion of haste {unknown}
Comestibles
 f - 2 bread rations
 g - a meat ration
 l - 2 fruits


   Skills:
 + Level 3.3 Fighting
 - Level 2.6 Short Blades
   Level 1.0 Bows
 - Level 1.7 Throwing
 - Level 1.0 Armour
 - Level 1.2 Stealth


You had 2 spell levels left.
You didn't know any spells.

Dungeon Overview and Level Annotations

Branches:
Dungeon (1/15)

Altars:


Innate Abilities, Weirdness & Mutations

You have extremely sharp teeth.
When hurt, damage is shared between your health and your magic reserves.
Your bite disrupts and absorbs the magic of your enemies.
Potions and wands cannot restore your health.
You are immune to rotting.


Message History

A dart slug comes into view.
The dart slug closely misses you.
You hit the dart slug.
The dart slug is heavily wounded.
You hit the dart slug.
You bite the dart slug, but do no damage.
The dart slug is heavily wounded.
The dart slug bites you but does no damage.
You hit the dart slug but do no damage. You bite the dart slug.
You drain its power.
The dart slug is severely wounded.
The dart slug launches a dart at you. The slug dart hits you!
You hit the dart slug.
You kill the dart slug!
You see here a dart slug corpse.
A rat comes into view.
You hit the rat.
You kill the rat!
Are you sure you want to abandon this character and quit the game? (Confirm with "yes".)

#.# #########.# #.........#
##.#### # #.#########
...... #.#.# #. #.. ......
#.#.# #.# #.# #..##. #...#
##.###.# #..##.
##..#########......# #..##.
#.........@..#....# #..##.
#..#########......####..##.
#..# ###...............#
#... ...............###)
#..# ##.#...#.......†..
#..# #.##..#####..#### #..#
#.....# #..# ## #..#
####.## #..# .. .(#
#######...## #..# #


There were no monsters in sight!

Vanquished Creatures
  An ooze (D:1)
  3 dart slugs (D:1)
  A giant gecko (D:1)
  2 bats (D:1)
  2 goblins (D:1)
  3 hobgoblins (D:1)
  4 jackals (D:1)
  A ball python (D:1)
  2 kobolds (D:1)
  5 rats (D:1)
24 creatures vanquished.

Notes
Turn   | Place    | Note
-------+----------+-------------------------------------------
     0 | D:1      | jacquesderrida the Vine Stalker Wanderer began the quest for the Orb.
     0 | D:1      | jacquesderrida set off with: a +2 dagger, a scroll of fear, a potion of curing, a +0 ring mail, a bread ration
     0 | D:1      | Reached XP level 1. HP: 11/11 MP: 2/2
    21 | D:1      | Reached skill level 2 in Fighting
    65 | D:1      | Reached XP level 2. HP: 14/16 MP: 1/3
   238 | D:1      | Reached skill level 3 in Fighting
   272 | D:1      | Reached XP level 3. HP: 16/20 MP: 4/4
   454 | D:1      | Quit the game

Vault maps used:
D:1:      tarquinn_simple_flora_water_a

Skill      XL: |  1  2 |
---------------+-------+-----
Fighting       | 2 3 |  3.3
Short Blades   | |  2.6
Bows           | |  1.0
Throwing       | |  1.7
Armour         | |  1.0
Stealth        | |  1.2

Action                   || total
-------------------------++-------
Melee: Dagger            ||    80
       Bite              ||    21
Armor: Ring mail         ||    24
Dodge: Dodged            ||    41
